Map: Gresvan LE

Players

franko

  • Race: Protoss Protoss
  • Spawn Location: 11:00

DTNA - Winner!

  • Race: Terran Terran
  • League: Bronze
  • Spawn Location: 5:00

VOD

Have the link to the VOD?

Description

Time

  • Played on: April 28, 2023, 8:42 p.m.
  • Length: 21:13
Show
View Real Time Build Order
Export as new Build Order

franko Protoss 

Build Orders:  

Get SALT Encoding   

  12  0:02  Probe (Chrono Boost)  
  13  0:18  Pylon  
  13  0:25  Probe  
  14  0:29  Assimilator  
  14  0:38  Forge  
  14  0:56  Gateway  
  14  1:13  Probe (Chrono Boost)  
  15  1:22  Photon Cannon, Probe (Chrono Boost)  
  16  1:27  Probe (Chrono Boost)  
  17  1:35  Pylon  
  17  2:06  Zealot  
  19  2:21  Cybernetics Core  
  19  2:26  Nexus  
  19  2:35  Photon Cannon  
  19  2:49  Pylon  
  19  2:59  Warp Gate  
  19  3:10  Robotics Facility  
  19  3:22  Stargate  
  19  3:44  Probe (Chrono Boost)  
  19  3:45  Probe (Chrono Boost)  
  21  3:54  Probe x2 (Chrono Boost)  
  23  4:00  Assimilator  
  23  4:02  Assimilator  
  23  4:06  Gateway  
  23  4:08  Gateway  
  21  4:25  Immortal  
  21  4:27  Stalker  
  27  4:37  Probe x2  
  29  5:05  Stalker x2  
  33  5:17  Immortal  
  37  5:31  Twilight Council  
  31  6:25  Stalker x2  
  29  6:26  Stalker  
  37  6:41  Void Ray, Probe (Chrono Boost)  
  37  6:42  Probe (Chrono Boost)  
  39  6:52  Probe x2 (Chrono Boost)  
  41  7:00  Dark Shrine  
  41  7:02  Immortal  
  45  7:28  Stalker x2  
  45  7:29  Stalker  
  51  7:48  Pylon  
  51  7:51  Pylon  
  51  7:52  Pylon  
  51  7:58  Assimilator  
  51  8:04  Probe (Chrono Boost)  
  52  8:12  Void Ray  
  56  8:15  Probe (Chrono Boost)  
  56  8:19  Probe (Chrono Boost)  
  56  8:30  Probe  
  45  8:47  Warp Prism  
  47  8:55  Void Ray  
  51  8:56  Probe x2  
  53  9:08  Probe x2  
  55  9:24  Immortal, Dark Templar x2  
  59  9:25  Dark Templar  
  65  10:00  Dark Templar  
  65  10:01  Dark Templar x2  
  65  10:39  Dark Templar x2  
  65  10:40  Dark Templar  
  71  10:55  Probe (Chrono Boost)  
  72  11:02  Probe (Chrono Boost)  
  74  11:05  Probe (Chrono Boost)  
  74  11:09  Probe (Chrono Boost)  
  75  11:27  Protoss Ground Weapons Level 1  
  75  11:35  Probe (Chrono Boost)  
  76  11:43  Pylon  
  76  11:45  Pylon, Probe (Chrono Boost)  
  77  11:49  Pylon x2  
  77  11:51  Pylon  
  77  12:01  Immortal  
  77  12:07  Void Ray  
  85  12:31  Archon  
  73  12:49  Dark Templar  
  73  12:50  Dark Templar x2  
  79  13:06  Gateway  
  79  13:08  Gateway  
  79  13:16  Gateway  
  79  13:35  Dark Templar x3  
  81  15:20  Dark Templar  
  81  15:21  Dark Templar x4  
  87  15:22  Dark Templar  
  73  16:17  Stalker x3  
  73  16:18  Stalker x2  
  83  16:19  Stalker  
  85  16:41  Dark Templar  
  85  16:42  Dark Templar x4  
  85  16:43  Dark Templar  
  75  18:07  Dark Templar x2  
  75  18:08  Dark Templar x2  
  75  18:09  Dark Templar x2  
  87  18:42  Stalker x2  
  87  18:43  Stalker x4  
  95  19:56  Dark Templar x2  
  95  19:57  Dark Templar x2  
  95  19:58  Dark Templar  
Show
View Real Time Build Order
Export as new Build Order

DTNA Terran - Winner!

Build Orders:  

Get SALT Encoding   

  12  0:00  SCV  
  13  0:12  SCV  
  14  0:18  Supply Depot  
  14  0:24  SCV  
  15  0:39  SCV  
  16  0:43  Barracks  
  16  0:51  SCV  
  17  1:03  SCV  
  18  1:16  SCV  
  19  1:30  Refinery  
  19  1:40  Command Center  
  19  1:42  SCV  
  19  1:45  Marine  
  21  2:03  Marine  
  22  2:13  SCV  
  22  2:25  SCV  
  23  2:51  Supply Depot, SCV  
  23  2:52  Barracks Reactor  
  24  3:01  Orbital Command  
  25  3:12  Orbital Command  
  24  3:24  Factory  
  24  3:28  SCV  
  24  3:31  Barracks  
  25  3:40  Refinery  
  25  3:41  SCV  
  26  3:45  Marine x2  
  28  3:55  SCV  
  28  3:56  SCV  
  30  4:03  Marine x2  
  30  4:08  SCV x2  
  34  4:10  Factory Tech Lab  
  34  4:20  SCV x2  
  34  4:21  Marine  
  38  4:36  Barracks Tech Lab  
  38  4:38  SCV x2  
  39  4:50  SCV x2, Marine x2  
  39  4:52  Siege Tank  
  46  5:03  Refinery  
  46  5:19  Supply Depot  
  46  5:21  Supply Depot  
  46  5:22  Supply Depot x2  
  46  5:23  Supply Depot  
  46  5:40  Marine x2  
  46  5:41  SCV x2, Siege Tank  
  53  5:44  Supply Depot  
  48  5:53  SCV x2  
  41  6:33  SCV x2  
  41  6:35  Marine x3  
  41  6:37  Siege Tank  
  49  6:45  SCV x2  
  51  6:52  Marine  
  51  6:53  Marine x2  
  54  6:57  SCV x2  
  56  7:09  Siege Tank  
  56  7:10  Marine  
  56  7:11  Marine x2  
  56  7:15  Barracks  
  62  7:16  Barracks  
  62  7:17  SCV x2  
  64  7:29  SCV  
  65  7:33  SCV, Marine x2  
  65  7:34  Marine, Command Center  
  69  7:41  Siege Tank, SCV  
  73  7:45  SCV  
  74  7:51  Marine x3  
  74  7:53  SCV  
  74  7:54  Starport  
  74  7:57  SCV, Engineering Bay  
  74  7:58  Engineering Bay  
  79  8:03  Marine  
  81  8:05  SCV  
  81  8:06  Armory  
  81  8:09  SCV  
  83  8:13  Siege Tank  
  83  8:15  Barracks Reactor  
  85  8:21  Barracks Tech Lab  
  85  8:25  Armory  
  85  8:26  Combat Shield  
  79  8:38  Starport Reactor  
  79  9:03  Supply Depot x2  
  79  9:13  Refinery  
  79  9:16  Medivac  
  83  9:19  Medivac  
  83  9:24  Terran Infantry Weapons Level 1, Terran Infantry Armor Level 1  
  83  9:27  Terran Vehicle Weapons Level 1, Terran Vehicle And Ship Armor Level 1  
  83  9:28  Supply Depot  
  72  10:41  Orbital Command  
  72  10:50  SCV x2  
  74  11:00  Marine  
  74  11:01  Marine x5  
  74  11:02  SCV  
  81  11:07  Siege Tank  
  81  11:08  Medivac  
  81  11:09  Medivac  
  88  11:14  SCV x3  
  91  11:18  Marine  
  91  11:19  Marine x5  
  97  11:26  SCV x2  
  97  11:29  SCV  
  100  11:33  Command Center  
  100  11:36  Marine x6  
  100  11:38  SCV  
  100  11:39  Siege Tank  
  110  11:40  Supply Depot  
  110  11:41  Supply Depot  
  110  11:45  Supply Depot  
  110  11:46  Supply Depot  
  110  11:54  Marine x2  
  112  12:06  Supply Depot x2  
  112  12:11  Supply Depot  
  112  12:16  Barracks  
  112  12:18  Barracks x2  
  97  12:54  Starport  
  97  13:10  Missile Turret  
  97  13:11  Command Center  
  97  13:18  SCV x2  
  97  13:19  Marine  
  99  13:20  Marine x3  
  103  13:30  SCV  
  103  13:31  Starport Tech Lab  
  104  13:35  Terran Vehicle And Ship Armor Level 2  
  104  13:42  Terran Vehicle Weapons Level 2  
  104  13:44  Terran Infantry Weapons Level 2, Terran Infantry Armor Level 2  
  104  13:50  Stimpack  
  104  13:54  Smart Servos  
  104  14:12  Barracks Tech Lab  
  104  14:15  Barracks Reactor  
  104  14:30  Orbital Command  
  104  14:43  Barracks Reactor  
  82  15:17  Raven  
  84  15:29  Marine x11  
  92  15:46  Marine  
  92  15:47  Marine x2  
  88  16:33  SCV  
  89  16:45  SCV, Marine  
  89  16:46  Marine x10, Command Center  
  101  16:53  Command Center  
  101  16:57  SCV  
  101  17:03  Marine  
  101  17:04  Marine x10  
  105  17:09  SCV  
  101  17:21  SCV, Marine x2  
  103  17:30  Terran Infantry Weapons Level 3, Terran Infantry Armor Level 3  
  103  17:32  Terran Vehicle And Ship Armor Level 3, Terran Vehicle Weapons Level 3  
  99  18:29  Orbital Command  
  39  20:34  Marauder  
Tags
 
League
Bronze
Matchup
PvT
Spawn Locations
Cross Positions
Add a new tag
Caveats
  • Supply blocks, unpowered buildings, or Contaminate may cause inaccurate times.
  • Supply counts are checked every 10 seconds.